Map: Site Delta LE

Players

Kelazhur

  • Race: Terran Terran
  • League: Master
  • Spawn Location: 5:00

ShoWTimE - Winner!

  • Race: Protoss Protoss
  • League: Master
  • Spawn Location: 11:00

Event: HomeStory Cup XXV

VOD

Have the link to the VOD?

Description

Time

  • Played on: June 22, 2024, 8:09 a.m.
  • Length: 16:27

All games in this series

Show
View Real Time Build Order
Export as new Build Order

Kelazhur Terran 

Build Orders: Cyclone Opening 

Get SALT Encoding   

  12  0:00  SCV  
  13  0:12  SCV  
  14  0:16  Supply Depot  
  14  0:24  SCV  
  15  0:29  Refinery  
  15  0:38  SCV  
  16  0:44  Barracks  
  16  0:50  SCV  
  17  1:02  SCV  
  18  1:16  SCV  
  19  1:31  Orbital Command, Marine  
  20  1:46  Command Center  
  20  1:54  Factory  
  20  1:59  SCV  
  21  2:06  Barracks Reactor  
  21  2:08  Supply Depot  
  21  2:11  SCV  
  22  2:24  SCV  
  22  2:28  Barracks  
  23  2:36  SCV  
  24  2:37  Cyclone  
  24  2:42  Marine x2  
  28  2:48  Barracks  
  28  2:49  SCV  
  29  2:57  Refinery  
  29  3:00  Orbital Command  
  29  3:03  SCV  
  29  3:10  Marine x2  
  31  3:16  SCV  
  31  3:17  Barracks Tech Lab  
  34  3:20  Cyclone  
  34  3:26  SCV  
  35  3:28  Marine x2  
  35  3:33  SCV  
  38  3:37  Marine  
  38  3:38  SCV  
  38  3:40  Stimpack  
  40  3:42  Supply Depot  
  40  3:45  SCV  
  41  3:51  SCV, Marine  
  41  3:52  Marine  
  44  3:57  SCV  
  46  4:03  Marine  
  46  4:04  SCV  
  46  4:09  Cyclone  
  50  4:11  Barracks Tech Lab  
  50  4:12  SCV  
  50  4:13  Supply Depot  
  50  4:14  Engineering Bay  
  50  4:18  SCV  
  50  4:19  Marine x2  
  50  4:21  Marine  
  50  4:24  SCV  
  53  4:30  Supply Depot, SCV  
  54  4:35  Combat Shield  
  54  4:36  Marine x2  
  56  4:39  Terran Infantry Weapons Level 1  
  56  4:40  SCV  
  56  4:42  SCV  
  58  4:49  Marine x2, Refinery  
  58  4:52  SCV  
  61  4:54  Marine  
  61  4:56  SCV  
  61  4:57  Marine  
  64  5:04  SCV  
  64  5:05  Starport  
  65  5:07  Marine x2  
  65  5:08  SCV  
  68  5:14  Marine  
  68  5:15  Factory Reactor  
  68  5:16  SCV  
  70  5:33  Marine  
  70  5:38  Refinery  
  70  5:39  Command Center  
  70  5:41  Supply Depot  
  70  5:42  SCV x2, Marine x3  
  73  5:51  Barracks  
  73  5:54  SCV x2, Barracks  
  74  5:58  Marine  
  74  6:00  Marauder  
  74  6:01  Viking  
  74  6:02  Viking  
  79  6:07  SCV, Marine  
  79  6:08  Concussive Shells, Marauder  
  79  6:09  SCV  
  81  6:12  Supply Depot  
  81  6:19  SCV  
  81  6:21  SCV  
  82  6:25  Marine  
  82  6:26  Marauder  
  82  6:31  SCV  
  86  6:34  Marine, Medivac x2  
  86  6:36  SCV  
  86  6:38  Terran Infantry Armor Level 1  
  92  6:41  Supply Depot  
  92  6:43  Barracks Tech Lab  
  92  6:45  Marauder  
  94  6:50  SCV x2  
  94  6:51  Supply Depot  
  96  6:54  Marine  
  96  6:55  Marine, Marauder  
  100  7:02  Supply Depot, SCV  
  100  7:04  Viking  
  100  7:06  Viking  
  105  7:08  SCV  
  105  7:10  Barracks Reactor  
  105  7:15  Marauder  
  108  7:18  Orbital Command  
  108  7:21  SCV x2  
  108  7:22  Marine  
  113  7:23  Marauder  
  113  7:31  Marine x2  
  113  7:33  SCV  
  113  7:34  Viking  
  113  7:36  Armory, Viking  
  120  7:40  Supply Depot, Marauder  
  120  7:43  SCV  
  123  7:44  Marauder  
  123  7:45  SCV  
  123  7:47  Marine  
  123  7:50  Marauder  
  129  7:56  Marine x2  
  130  7:59  Supply Depot  
  130  8:01  Marauder  
  130  8:03  Supply Depot  
  130  8:04  Viking  
  134  8:06  Viking  
  134  8:10  Ghost Academy, Refinery  
  134  8:11  Refinery  
  134  8:12  Marine, Marauder x2  
  141  8:20  Marine  
  141  8:21  SCV x3  
  141  8:24  Marine  
  148  8:27  Supply Depot  
  148  8:28  Supply Depot  
  148  8:32  Terran Infantry Weapons Level 2  
  150  8:36  Marine x2  
  150  8:39  Viking  
  150  8:41  Ghost, Viking  
  154  8:46  Marine x2, Marauder  
  153  8:49  SCV x3  
  153  8:53  Marine, Ghost  
  153  8:54  Marine  
  160  9:01  SCV x2  
  162  9:09  Viking  
  164  9:11  Viking  
  164  9:12  Marauder x2  
  170  9:20  Command Center  
  170  9:22  Marine x2, Marauder  
  171  9:26  Marine  
  171  9:27  Marine  
  171  9:33  Marauder x2  
  165  9:39  Viking  
  165  9:41  Viking  
  165  9:43  Ghost  
  161  9:47  SCV x3  
  161  9:50  Supply Depot, Marine  
  161  9:51  Marine x3  
  168  9:57  Starport  
  159  10:01  Factory Reactor  
  140  10:10  Marine x4  
  140  10:12  SCV x3  
  149  10:15  Medivac x2  
  149  10:16  Ghost x2  
  149  10:18  Marauder  
  155  10:24  SCV  
  155  10:28  Marine x2  
  158  10:30  Barracks  
  158  10:31  SCV  
  158  10:32  SCV, Barracks  
  158  10:33  Barracks  
  160  10:36  SCV  
  160  10:38  Marine x2  
  160  10:39  Marauder  
  165  10:44  SCV x2  
  165  10:45  Viking  
  165  10:46  Marauder, Viking  
  165  10:47  Viking  
  165  10:49  Viking  
  177  10:56  Planetary Fortress  
  177  10:58  Missile Turret  
  177  10:59  Marine x2, Ghost  
  177  11:00  Marine x2  
  177  11:03  Marauder  
  185  11:16  Sensor Tower, Viking  
  185  11:17  Viking  
  189  11:20  Marine x7  
  189  11:23  Marine  
  196  11:28  Terran Infantry Weapons Level 3  
  196  11:32  Refinery x2  
  196  11:35  Supply Depot  
  196  11:36  Missile Turret  
  196  11:37  Missile Turret  
  196  11:38  Missile Turret  
  196  11:39  Missile Turret  
  196  11:40  Missile Turret  
  196  11:45  Marine x2  
  196  11:46  Marine x2  
  196  11:47  Marine, Marauder  
  196  11:48  Marine x3  
  196  11:52  Marine  
  196  11:53  Viking x3  
  163  12:03  Marine x3  
  163  12:04  Marine x2  
  163  12:05  Marine  
  171  12:08  Marauder  
  171  12:11  Terran Ship Weapons Level 1  
  171  12:12  Fusion Core  
  171  12:20  Ghost  
  171  12:21  Medivac  
  175  12:28  Liberator x2  
  175  12:29  Marine x9  
  167  12:47  Marine x6  
  167  12:50  Marine x2, Marauder x2  
  151  12:58  Liberator x2, Widow Mine  
  136  13:00  Advanced Ballistics  
  136  13:05  Marine x3  
  143  13:08  Marauder  
  143  13:11  Marauder  
  143  13:12  Marauder  
  149  13:16  Command Center  
  149  13:17  Sensor Tower  
  149  13:18  Liberator, Command Center  
  149  13:19  Liberator, Widow Mine  
  157  13:27  Missile Turret  
  157  13:28  Barracks Tech Lab x2  
  157  13:29  Barracks Tech Lab, Marine x4  
  161  13:41  Liberator x2  
  161  13:46  Widow Mine  
  169  13:59  Ghost x2  
  169  14:01  Marine x2  
  175  14:04  Terran Infantry Armor Level 2  
  175  14:07  Missile Turret, Widow Mine  
  175  14:09  Missile Turret  
  164  14:19  Liberator  
  164  14:20  Liberator  
  164  14:21  Marauder x3  
  137  14:27  Marine x4, Marauder  
  137  14:28  Widow Mine  
  137  14:29  SCV x2, Marine, Marauder  
  120  14:43  Marauder x3  
  120  14:44  SCV, Marine  
  120  14:45  SCV x2, Marine  
  118  14:48  Marauder  
  118  14:50  Marine  
  110  15:07  Ghost  
  110  15:08  Marine, Marauder x2  
  112  15:18  Marine x2  
  112  15:19  Marine x3, Marauder  
  119  15:25  Marine  
  120  15:29  Planetary Fortress, Widow Mine  
  120  15:34  Marine, Marauder  
  117  15:35  Marine  
  117  15:38  Marauder  
  120  15:46  Marauder x2  
  120  15:47  Marine x2  
  126  15:50  Widow Mine  
  126  15:52  Marauder  
  126  15:54  Marauder  
  126  15:56  Ghost  
  132  15:57  Marine  
  132  15:58  Missile Turret  
Show
View Real Time Build Order
Export as new Build Order

ShoWTimE Protoss - Winner!

Build Orders: 1 Gate Expand, Phoenix Opening, Colossus Rush 

Get SALT Encoding   

  12  0:00  Probe  
  13  0:12  Probe  
  14  0:17  Pylon  
  14  0:24  Probe  
  15  0:35  Gateway  
  15  0:37  Probe (Chrono Boost)  
  16  0:46  Assimilator, Probe (Chrono Boost)  
  17  0:51  Probe (Chrono Boost)  
  18  1:03  Probe  
  19  1:15  Probe  
  20  1:22  Nexus  
  20  1:31  Cybernetics Core  
  20  1:34  Probe  
  20  1:38  Assimilator  
  21  1:46  Probe  
  22  1:50  Pylon  
  22  1:58  Probe  
  23  2:05  Adept (Chrono Boost)  
  25  2:10  Probe  
  26  2:21  Stargate  
  26  2:22  Probe  
  27  2:25  Adept (Chrono Boost)  
  29  2:33  Warp Gate  
  29  2:34  Probe (Chrono Boost)  
  31  2:40  Probe (Chrono Boost)  
  31  2:43  Probe (Chrono Boost)  
  32  2:47  Probe (Chrono Boost)  
  32  2:48  Adept, Probe (Chrono Boost)  
  36  2:59  Probe  
  36  3:00  Probe, Pylon  
  36  3:05  Phoenix  
  40  3:11  Probe  
  42  3:12  Probe  
  42  3:16  Robotics Facility  
  42  3:20  Assimilator  
  42  3:23  Probe  
  42  3:25  Probe  
  44  3:28  Assimilator  
  44  3:34  Phoenix  
  46  3:37  Probe x2 (Chrono Boost)  
  48  3:43  Pylon  
  50  3:49  Probe (Chrono Boost)  
  50  3:50  Gateway  
  50  3:52  Probe (Chrono Boost)  
  50  3:54  Probe (Chrono Boost)  
  51  3:59  Probe, Phoenix  
  54  4:03  Shield Battery, Probe  
  53  4:11  Probe  
  53  4:12  Robotics Bay  
  53  4:13  Observer (Chrono Boost)  
  53  4:16  Probe  
  56  4:28  Immortal (Chrono Boost)  
  60  4:32  Pylon  
  60  4:41  Nexus  
  60  4:45  Probe  
  60  4:46  Probe  
  62  4:53  Sentry  
  62  4:54  Stalker  
  62  4:57  Colossus (Chrono Boost)  
  64  5:03  Pylon  
  70  5:13  Pylon  
  69  5:16  Shield Battery, Probe  
  70  5:21  Probe  
  70  5:22  Adept x2, Pylon  
  70  5:28  Probe  
  72  5:35  Pylon  
  72  5:36  Pylon  
  73  5:43  Colossus (Chrono Boost)  
  73  5:45  Pylon  
  73  5:47  Probe  
  78  5:53  Forge  
  78  5:57  Twilight Council  
  78  6:00  Nexus  
  78  6:01  Pylon  
  78  6:07  Extended Thermal Lance (Chrono Boost)  
  78  6:09  Probe x2  
  80  6:21  Probe x2  
  80  6:22  Phoenix  
  80  6:25  Charge, Pylon  
  84  6:28  Colossus (Chrono Boost)  
  84  6:29  Shield Battery  
  84  6:30  Pylon  
  84  6:31  Protoss Ground Weapons Level 1 (Chrono Boost)  
  90  6:39  Probe x2  
  92  6:40  Pylon  
  92  6:42  Phoenix  
  92  6:43  Sentry  
  96  6:54  Probe x2  
  96  7:00  Gateway x2  
  96  7:01  Sentry  
  100  7:13  Probe  
  100  7:14  Gateway  
  100  7:15  Gateway  
  101  7:17  Phoenix, Pylon  
  101  7:20  Phoenix  
  103  7:24  Probe x2  
  103  7:25  Pylon  
  105  7:31  Zealot x2  
  105  7:32  Observer (Chrono Boost)  
  105  7:35  Pylon  
  110  7:45  Gateway  
  110  7:47  Gateway  
  110  7:52  Pylon  
  110  7:53  Zealot x2  
  110  7:56  Probe x2  
  115  8:05  Nexus  
  115  8:07  Warp Prism (Chrono Boost)  
  115  8:08  Pylon  
  115  8:12  Robotics Facility  
  117  8:13  Probe x2  
  117  8:14  Probe  
  117  8:16  Protoss Ground Weapons Level 2 (Chrono Boost)  
  120  8:22  Blink  
  120  8:24  Gravitic Drive  
  120  8:31  Shield Battery  
  120  8:34  Probe  
  121  8:35  Disruptor (Chrono Boost), Probe  
  121  8:36  Shield Battery, Probe  
  127  8:46  Probe  
  127  8:48  Stalker x3, Probe  
  133  8:51  Zealot x2  
  137  9:00  Stalker  
  137  9:01  Stalker x2  
  142  9:04  Disruptor  
  142  9:09  Disruptor  
  150  9:12  Probe x2  
  150  9:16  Zealot x2  
  155  9:26  Zealot x4  
  155  9:30  Probe  
  154  9:39  Zealot x4  
  154  9:40  Disruptor (Chrono Boost)  
  154  9:42  Disruptor (Chrono Boost)  
  154  9:47  Probe  
  154  9:49  Pylon  
  159  9:52  Zealot x3  
  159  9:55  Zealot  
  145  10:08  Zealot x4  
  145  10:13  Forge  
  147  10:19  Shield Battery, Observer (Chrono Boost), Photon Cannon  
  147  10:21  Pylon  
  149  10:25  Protoss Ground Weapons Level 3 (Chrono Boost)  
  149  10:27  Observer (Chrono Boost)  
  149  10:33  Zealot x4  
  149  10:34  Nexus  
  149  10:35  Sentry, Pylon  
  159  10:45  Zealot x3  
  159  10:47  Pylon  
  165  10:53  Warp Prism, Protoss Ground Armor Level 1 (Chrono Boost)  
  165  10:56  Disruptor, Pylon  
  171  11:00  Zealot x3  
  171  11:02  Pylon  
  177  11:06  Pylon  
  177  11:16  Zealot x5  
  187  11:22  Gateway  
  187  11:24  Gateway  
  187  11:25  Gateway  
  187  11:38  Gateway  
  186  11:41  Zealot x2, Gateway  
  186  11:46  Gateway  
  188  11:49  Gateway  
  178  11:56  Gateway  
  178  11:57  Gateway  
  178  11:59  Zealot x6, Pylon  
  182  12:02  Disruptor x2 (Chrono Boost)  
  182  12:14  Shield Battery  
  182  12:16  Gateway, Zealot x2, Shield Battery  
  182  12:17  Zealot, Gateway  
  188  12:24  Zealot x4  
  188  12:27  Pylon x2  
  188  12:28  Zealot x2  
  199  12:33  Gateway  
  199  12:40  Zealot  
  199  12:41  Zealot x4  
  161  12:50  Stalker x4  
  151  12:53  Observer  
  151  12:57  Zealot x4, Protoss Ground Armor Level 2 (Chrono Boost)  
  149  13:00  Probe x2  
  149  13:01  Probe x2  
  149  13:05  Probe  
  154  13:06  Protoss Shields Level 1 (Chrono Boost)  
  154  13:12  Probe  
  155  13:14  Observer  
  155  13:15  Warp Prism (Chrono Boost)  
  157  13:20  Zealot x4  
  157  13:25  Probe  
  166  13:36  Zealot x7, Pylon, Disruptor (Chrono Boost)  
  184  13:43  Zealot x3  
  190  13:59  Zealot x5, Robotics Facility  
  200  14:12  Photon Cannon  
  184  14:20  Stalker x9  
  170  14:26  Stalker x2  
  159  14:37  Stalker x2  
  144  14:44  Zealot x4  
  144  14:45  Zealot x7  
  145  14:49  Disruptor  
  145  14:51  Stalker  
  139  14:55  Phoenix (Chrono Boost)  
  141  15:02  Stalker  
  141  15:03  Stalker  
  141  15:05  Probe  
  141  15:06  Probe  
  147  15:11  Zealot x2  
  151  15:15  Disruptor (Chrono Boost)  
  155  15:23  Disruptor x2 (Chrono Boost)  
  163  15:31  Zealot x5  
  169  15:43  Zealot x6  
  179  15:51  Stalker x3  
  183  16:15  Nexus  
Tags
 
Add a new tag
Caveats
  • Supply blocks, unpowered buildings, or Contaminate may cause inaccurate times.
  • Supply counts are checked every 10 seconds.